AoeStats
← 37234103

Arabia

510464126Analyzed
1v1 RM · 2d ago on Oct 1, 2026· 61m 14s· 2 players
Game mode
Random Map
Map size
Tiny (2 player)
Population
200
Speed
Normal
Resources
Standard
Victory
Conquest
Starting age
Dark Age
Ending age
Imperial Age
RankedLock teamsTeams togetherTeam positionsShared explorationLock speedFull tech treeHidden civsTurbo modeCheats
Victory
Defeat
🇨🇳 Huns · China
1277
+14
🇵🇪 Georgians · Peru
1236
-14
BabyWondeR
7:08 Loom
10:08 Feudal Age
10:36 Horse Collar
14:42 Double-Bit Axe
17:05 Town Watch
19:55 Castle Age
17:56 Gold Mining
20:58 Bow Saw
23:35 Wheelbarrow
25:57 Hand Cart
26:17 Fletching
28:50 Fervor
29:01 Sanctity
29:29 Heavy Plow
31:01 Stone Mining
36:33 Imperial Age
35:00 Bodkin Arrow
35:11 Scale Barding Armor
35:16 Forging
35:17 Squires
36:28 Pikeman
36:54 Arson
37:11 Scale Mail Armor
37:26 Masonry
37:51 Bracer
38:14 Chain Barding Armor
38:55 Architecture
38:57 Conscription
39:31 Chain Mail Armor
39:52 Iron Casting
40:01 Padded Archer Armor
39:23 Halberdier
40:41 Plate Barding Armor
40:39 Conscription
40:10 Elite Skirmisher
41:26 Ballistics
44:49 Blast Furnace
44:06 Leather Archer Armor
44:54 Chemistry
44:52 Plate Mail Armor
44:26 Husbandry
46:04 Treadmill Crane
47:58 Stone Shaft Mining
47:14 Cavalier
48:05 Bloodlines
49:25 Aznauri Cavalry
52:05 Capped Ram
53:07 Siege Ram
54:28 Hoardings
37234103
6:32 Loom
9:10 Feudal Age
9:45 Double-Bit Axe
12:19 Horse Collar
17:22 Castle Age
17:33 Forging
17:47 Bloodlines
18:25 Scale Barding Armor
21:32 Bow Saw
21:38 Heavy Plow
25:09 Wheelbarrow
25:48 Husbandry
28:55 Ballistics
28:27 Fletching
28:37 Padded Archer Armor
31:47 Stone Mining
34:30 Imperial Age
32:32 Bodkin Arrow
32:52 Leather Archer Armor
33:07 Gold Mining
33:56 Hand Cart
34:37 Chain Barding Armor
36:30 Chemistry
35:33 Bracer
37:10 Parthian Tactics
36:38 Light Cavalry
36:45 Heavy Cavalry Archer
37:36 Scale Mail Armor
38:14 Plate Barding Armor
38:48 Two-Man Saw
38:58 Masonry
40:34 Gold Shaft Mining
41:43 Hussar
43:02 Iron Casting
44:38 Thumb Ring
46:20 Town Watch
Connection lost

Rejoining the realm…

Still unreachable

The connection could not be restored.

Session expired

The server has moved on; the page needs a fresh start.